 Dungeon Crawl Stone Soup version 0.21.1-1-g345015f (webtiles) character file.

64 kaesh the Shield-Bearer (level 4, -5/37 HPs)
             Began as a Formicid Fighter on Feb 25, 2018.
             Slain by a gnoll
             ... wielding a +0 spear
              (6 damage)
             ... on level 2 of the Dungeon.
             The game lasted 00:03:44 (834 turns).

kaesh the Shield-Bearer (Formicid Fighter)           Turns: 834, Time: 00:03:44

Health: -5/37      AC:  8    Str: 22    XL:     4   Next: 32%
Magic:  4/4        EV:  8    Int:  7    God:
Gold:   50         SH:  9    Dex: 10    Spells: 3/3 levels left

rFire    . . .     SeeInvis +   a - +0 war axe
rCold    . . .     Gourm    +   c - +0 shield
rNeg     . . .     Faith    .   b - +0 scale mail
rPois    .         Spirit   .   (helmet unavailable)
rElec    .         Reflect  .   (no cloak)
rCorr    .         Harm     .   (no gloves)
MR       .....                  e - +0 pair of boots
Stlth    ..........             h - amulet of the gourmand (curse)
HPRegen  0.12/turn              (no ring)
MPRegen  0.09/turn              (no ring)

@: no status effects
A: permanent stasis, dig shafts and tunnels, four strong arms, antennae 3
a: Dig, Shaft Self


You were on level 2 of the Dungeon.
You were completely stuffed.

You visited 1 branch of the dungeon, and saw 2 of its levels.

You collected 50 gold pieces.

Inventory:

Hand Weapons
 a - a +0 war axe (weapon)
Armour
 b - a +0 scale mail (worn)
 c - a +0 shield (worn)
 e - a +0 pair of boots (worn)
Jewellery
 h - a cursed amulet of the gourmand (around neck)
Scrolls
 g - a scroll of noise {unknown}
 i - a scroll of magic mapping {unknown}
Potions
 d - a potion of might
Comestibles
 f - 2 rations


   Skills:
 + Level 3.9 Fighting
 + Level 2.6 Axes
 + Level 3.9 Armour
 + Level 4.3 Shields


You had 3 spell levels left.
You didn't know any spells.

Dungeon Overview and Level Annotations

Branches:
Dungeon (1/15)

Altars:
Vehumet


Innate Abilities, Weirdness & Mutations

You cannot be hasted, slowed, berserked, paralysed or teleported.
You can dig through walls and to a lower floor.
Your four strong arms can wield two-handed weapons with a shield.
You have a pair of large antennae on your head. (SInv)


Message History

You are too injured to fight recklessly!
You hit the gnoll but do no damage. You block the gnoll's attack.
The gnoll barely misses you.
You closely miss the gnoll.
The gnoll hits you from afar with a spear.
You block the gnoll's attack.
The gnoll hits you from afar with a spear!
* * * LOW HITPOINT WARNING * * *
You barely miss the gnoll. You block the gnoll's attack.
The gnoll hits you from afar with a spear.
* * * LOW HITPOINT WARNING * * *
The gnoll barely misses you.
You hit the gnoll.
The gnoll is heavily wounded.
You block the gnoll's attack. x2; The gnoll misses you.
You completely miss the gnoll.
The gnoll is heavily wounded.
You block the gnoll's attack.
The gnoll hits you from afar with a spear.
You die...

.....###........#.........##.....
.....# #........#.........##.....
.....# #........+..........#.....
.....# #........#..........#.....
######..........#....#####.#.....
#.#........#....# #.#.....
#.........g.##### ###.#.....
#.####.####g# #...'..... #. ....
#@# #.#.#..... ...... #.#
#.#.#.....
.......#.#######.#.#.####
.._...............#..
......#..############ ......#..#
..... #..# ##.## #..# ... ...#


You could see 2 gnolls.

Vanquished Creatures
  A gnoll (D:2)
  An adder (D:2)
  An ooze (D:1)
  3 worms (D:2)
  2 leopard geckos (D:1)
  4 giant cockroaches
  4 hobgoblins
  2 kobolds (D:1)
  5 bats
  3 frilled lizards (D:1)
  3 goblins
  3 rats
32 creatures vanquished.

Notes
Turn   | Place    | Note
-------+----------+-------------------------------------------
     0 | D:1      | kaesh the Formicid Fighter began the quest for the Orb.
     0 | D:1      | Reached XP level 1. HP: 18/18 MP: 1/1
   102 | D:1      | Reached XP level 2. HP: 23/24 MP: 2/2
   264 | D:1      | Reached XP level 3. HP: 27/29 MP: 3/3
   274 | D:1      | Reached skill level 4 in Shields
   447 | D:1      | You fall through a shaft!
   527 | D:2      | Found a radiant altar of Vehumet.
   535 | D:2      | Reached XP level 4. HP: 11/37 MP: 4/4
   832 | D:2      | HP: 1/37 [gnoll/spear (4)]
   834 | D:2      | Slain by a gnoll

Skill      XL: |  1  2  3 |
---------------+----------+-----
Shields        | 4 |  4.3
Fighting       | |  3.9
Axes           | |  2.6
Armour         | |  3.9

Action                   |  1- 3 |  4- 6 || total
-------------------------+-------+-------++-------
Melee: War axe           |   117 |    16 ||   133
  Use: Scroll            |     2 |       ||     2
  Eat: Chunk             |    12 |     4 ||    16
Armor: Scale mail        |    60 |     7 ||    67
Dodge: Dodged            |    40 |     7 ||    47
Block: Shield            |    84 |    11 ||    95
